 Dungeon Crawl Stone Soup version 0.30-a0-1018-g25214051b3 (webtiles) character file.

Game seed: 11979790487050114113

205 DeathPants the Stinger (level 5, 0/37 HPs)
             Began as a Demonspawn Venom Mage on Apr 7, 2023.
             Slain by Grinder (1 damage)
             ... on level 3 of the Dungeon.
             The game lasted 00:07:34 (1659 turns).

DeathPants the Stinger (Demonspawn Venom Mage)      Turns: 1659, Time: 00:07:35

Health: 0/37       AC:  2    Str: 10    XL:     5   Next: 52%
Magic:  7/9        EV: 12    Int: 16    God:
Gold:   79         SH:  4    Dex: 14    Spells: 4/10 levels left

rFire   + . .      SeeInvis .    f - +1 short sword (freeze)
rCold   + . .      Faith    .    (no shield)
rNeg    . . .      Spirit   .    a - +0 robe
rPois   +          Reflect  .    (no helmet)
rElec   +          Rampage  .    (no cloak)
rCorr   +                        (no gloves)
Will    .....                    (no boots)
Stlth   ++                       (no amulet)
HPRegen 0.26/turn                c - ring of wizardry
MPRegen 0.11/turn                (no ring)

@: resistant
A: hooves 2, spiny 1, condensation shield
a: no special abilities


You were on level 3 of the Dungeon.
You visited 1 branch of the dungeon, and saw 3 of its levels.

You collected 79 gold pieces.

Inventory:

Hand Weapons
 f - a +1 short sword of freezing (weapon)
 i - a +0 dagger
Armour
 a - a +0 robe (worn)
Jewellery
 c - a ring of wizardry (left hand)
Wands
 k - a wand of roots (8)
Scrolls
 g - 2 scrolls of blinking {unknown}
 h - a scroll of teleportation {unknown}
 l - a scroll of immolation {unknown}
 m - a scroll of magic mapping {unknown}
 o - 2 scrolls of enchant armour {unknown}
Potions
 b - a potion of magic
 e - 2 potions of brilliance
 j - a potion of attraction


   Skills:
 - Level 1.0 Fighting
 - Level 2.1 Dodging
 - Level 1.7 Stealth
 + Level 3.1 Spellcasting
 + Level 1.9 Conjurations
 - Level 1.3 Transmutations
 + Level 1.7 Air Magic
 + Level 4.0 Poison Magic


You had 4 spell levels left.
You knew the following spells:

 Your Spells              Type           Power      Damage    Failure   Level
a - Sting                 Tmut/Pois      44%        1d5       2%          1
b - Poisonous Vapours     Pois/Air       22%        N/A       3%          2
c - Mephitic Cloud        Conj/Pois/Air  10%        N/A       8%          3

Your spell library contained the following spells:

 Spells                   Type           Power      Damage    Failure   Level
 Olgreb's Toxic Radiance  Pois           15%        N/A       14%         4
 Dazzling Flash           Conj/Hex       10%        N/A       16%         3
 Volatile Blastmotes      Fire/Tloc      4%         2d10      22%         3
 Iskenderun's Mystic Bla  Conj/Tloc      5%         2d3       43%         4
 Starburst                Conj/Fire      2%         6d3       99%         6


Dungeon Overview and Level Annotations

Branches:
Dungeon (3/15)

Altars:
Ashenzari

Annotations:
D:3 Grinder


Innate Abilities, Weirdness & Mutations

You have hoof-like feet.
You are partially covered in sharp spines.
A meltable shield of frost defends you. (SH +4)


Message History

You hit Grinder but do no damage. You kick Grinder, but do no damage.
Grinder is moderately wounded.
Grinder barely misses you.
You hit Grinder.
Grinder is moderately wounded.
Grinder misses you.
You hit Grinder. You kick Grinder.
Grinder is heavily wounded.
Grinder closely misses you.
You barely miss Grinder. Your kick misses Grinder.
Grinder is heavily wounded.
Grinder blinks!
Found an escape hatch in the floor.
Grinder blinks!
Grinder gestures at you. Pain shoots through your body!
You hit Grinder but do no damage. Your kick misses Grinder.
Grinder is heavily wounded.
Grinder gestures at you. You resist with significant effort.
You hit Grinder.
Grinder is heavily wounded.
Grinder blinks!
Grinder gestures at you. Pain shoots through your body! Grinder hits you.
* * * LOW HITPOINT WARNING * * *
You writhe in agony.
* * * LOW HITPOINT WARNING * * *
You hit Grinder. You kick Grinder, but do no damage.
Grinder is heavily wounded.
Grinder hits you.
* * * LOW HITPOINT WARNING * * *
You writhe in agony.
* * * LOW HITPOINT WARNING * * *
You feel protected. Grinder hits you.
* * * LOW HITPOINT WARNING * * *
You writhe in agony.
You die...

#. #..#..#
#. ......
#. ....#
#.###.#.##
#........#
#.......#
#.......#
#.......#
#.@.....#
#.5.<...#
#.......#
###..[....#
#.#####.#
... .# ....
# .#...#
#..


You could see Grinder.

Vanquished Creatures
  Sigmund (D:2)
  2 dart slugs
  8 endoplasms
  4 giant cockroaches
  5 goblins
  5 hobgoblins
  4 quokkas
  4 ball pythons
  4 bats
  A frilled lizard (D:1)
  4 kobolds
  2 rats (D:1)
44 creatures vanquished.

Notes
Turn   | Place    | Note
-------+----------+-------------------------------------------
     0 | D:1      | DeathPants the Demonspawn Venom Mage began the quest for
                  | the Orb.
     0 | D:1      | Reached XP level 1. HP: 13/13 MP: 3/3
    48 | D:1      | Reached skill level 1 in Transmutations
   213 | D:1      | Gained mutation: You are partially covered in sharp spines.
                  | [demonic ancestry]
   213 | D:1      | Reached XP level 2. HP: 20/20 MP: 3/5
   615 | D:1      | Reached skill level 1 in Fighting
   774 | D:1      | Gained mutation: A meltable shield of frost defends you.
                  | (SH +4) [demonic ancestry]
   774 | D:1      | Reached XP level 3. HP: 26/26 MP: 2/6
   811 | D:2      | Noticed Sigmund
   879 | D:1      | Learned a level 2 spell: Poisonous Vapours
   883 | D:1      | Learned a level 3 spell: Mephitic Cloud
  1046 | D:2      | Found a broken altar of Ashenzari.
  1085 | D:2      | Killed Sigmund
  1086 | D:2      | Reached skill level 1 in Conjurations
  1086 | D:2      | Reached skill level 1 in Air Magic
  1086 | D:2      | Gained mutation: You have large cloven feet. [demonic
                  | ancestry]
  1086 | D:2      | Reached XP level 4. HP: 10/32 MP: 4/8
  1086 | D:2      | Gained mutation: You have hoof-like feet. [demonic
                  | ancestry]
  1086 | D:2      | Reached XP level 5. HP: 11/37 MP: 4/9
  1627 | D:3      | Noticed Grinder
  1635 | D:3      | Reached skill level 4 in Poison Magic
  1658 | D:3      | HP: 1/37 [Grinder (6)]
  1659 | D:3      | Slain by Grinder

Illustrated notes

Levels and vault maps discovered:
D:1:      enne_arrival_octagon_isle, layout_rooms, minmay_misc_feat_ornament,
          minmay_tromino_v2
D:2:      layout_loops_ring, basic_altar, hellmonk_ecumenical_altar_zigzags,
          uniq_sigmund
D:3:      layout_loops_cross, minitemple, trog_hazing_becter,
          makhleb_altar_promises_db, minmay_misc_feat_tower,
          serial_bayou_lagoon_b, uniq_natasha, uniq_grinder, uniq_jessica

Skill      XL: |  1  2  3  4  5 |
---------------+----------------+-----
Transmutations | 1 |  1.3
Dodging        | 2 |  2.1
Fighting       | 1 |  1.0
Spellcasting   | 3 |  3.1
Conjurations   | 1 |  1.9
Air Magic      | 1 |  1.7
Poison Magic   | 4 |  4.0
Stealth        | |  1.7

Action                     |  1- 3 |  4- 6 || total
---------------------------+-------+-------++-------
  Melee: Unarmed           |    29 |       ||    29
         Dagger            |     8 |       ||     8
         Short sword       |    13 |    25 ||    38
         Kick              |       |     6 ||     6
   Cast: Sting             |    31 |       ||    31
         Poisonous Vapours |     5 |     3 ||     8
         Mephitic Cloud    |       |     1 ||     1
  Evoke: Wand              |       |     1 ||     1
    Use: Scroll            |     3 |     1 ||     4
         Potion            |     1 |     2 ||     3
   Stab: Sleeping          |       |     1 ||     1
 Armour: Robe              |     8 |     2 ||    10
  Dodge: Dodged            |    34 |    11 ||    45
  Block: Other             |     4 |     4 ||     8

Table legend: (Time is in decaauts)
 A = Elapsed time spent in this place.
 B = Non-inter-level travel time spent in this place.
 C = Inter-level travel time spent in this place.
 D = Time resting spent in this place.
 E = Time spent auto-exploring this place.
 F = Levels seen in this place.
 G = Mean time per level.
                   A        B        C        D        E       F      G
               +--------+--------+--------+--------+--------+-----+--------+
         Total |   1659 |   1659 |      0 |     35 |   1179 |   3 |  553.0 |
       Dungeon |   1659 |   1659 |      0 |     35 |   1179 |   3 |  553.0 |
               +--------+--------+--------+--------+--------+-----+--------+

Top non-repeatable levels by time:
     D:1: 894 daAuts
     D:2: 732 daAuts
     D:3: 33 daAuts
